 Dungeon Crawl Stone Soup version 0.26.1-11-gd32895ea62 (webtiles) character file.

Game seed: 11565495227777439452

837 Zeld the Changer (level 7, 0/46 HPs)
             Began as an Octopode Transmuter on Sept 13, 2021.
             Slain by a vampire bat (2 damage)
             ... on level 4 of the Dungeon.
             The game lasted 00:08:51 (7380 turns).

Zeld the Changer (Octopode Transmuter)              Turns: 7380, Time: 00:08:52

Health: 0/46       AC:  1    Str: 11    XL:     7   Next: 99%
Magic:  13/13      EV: 14    Int: 15    God:
Gold:   215        SH:  0    Dex: 13    Spells: 5/15 levels left

rFire    + . .     SeeInvis .     - Unarmed
rCold    . . .     Faith    .   (no shield)
rNeg     . . .     Spirit   .   (helmet restricted)
rPois    .         Reflect  .   (no amulet)
rElec    .         Harm     .   d - ring of resist corrosion
rCorr    +         Rampage  .   j - ring of protection from fire
Will     .....                  c - ring of attention (curse)
Stlth    +.........             u - ring of flight
HPRegen  0.15/turn              (no ring)
MPRegen  0.13/turn              (no ring)
                                (no ring)
                                (no ring)

@: no status effects
A: almost no armour, stealthy swim, amphibious, 8 rings, constrict 8, camouflage
1, gelatinous body 1
a: Evoke Flight


You were on level 4 of the Dungeon.
You visited 1 branch of the dungeon, and saw 7 of its levels.

You collected 215 gold pieces.

Inventory:

Jewellery
 c - a cursed ring of attention (on tentacle)
 d - a ring of resist corrosion (left tentacle)
 j - a ring of protection from fire (right tentacle)
 u - a ring of flight (on tentacle)
 x - an uncursed ring of positive energy {unknown}
 y - an uncursed ring of fire {unknown}
Wands
 o - a wand of iceblast (9)
Scrolls
 a - 5 scrolls of teleportation {unknown}
 f - 9 scrolls of identify {unknown}
 g - a scroll of fear {unknown}
 h - a scroll of magic mapping {unknown}
 k - 2 scrolls of remove curse {unknown}
 l - a scroll of enchant weapon {unknown}
 m - a scroll of fog {unknown}
 n - 3 scrolls of blinking {unknown}
 t - a scroll of immolation {unknown}
 z - a scroll of enchant armour {unknown}
Potions
 b - 3 potions of flight {unknown}
 e - 4 potions of curing {unknown}
 i - a potion of ambrosia {unknown}
 p - a potion of resistance {unknown}
 q - a potion of might
 r - a potion of berserk rage {unknown}
 s - a potion of degeneration {unknown}
 v - 2 potions of magic {unknown}
 w - a potion of heal wounds {unknown}


   Skills:
 + Level 3.2 Fighting
 + Level 3.7 Dodging
 - Level 3.0 Unarmed Combat
 * Level 4.5 Spellcasting
 * Level 4.8 Transmutations
 + Level 1.9 Ice Magic
 - Level 3.0 Poison Magic


You had 5 spell levels left.
You knew the following spells:

 Your Spells              Type           Power        Failure   Level
a - Beastly Appendage     Tmut           36%          2%          1
b - Wereblood             Tmut           18%          3%          2
c - Spider Form           Tmut/Pois      7%           11%         3
d - Ice Form              Ice/Tmut       13%          38%         4

Your spell library contained the following spells:

 Spells                   Type           Power        Failure   Level
 Magic Dart               Conj           12%          17%         1
 Blink                    Tloc           N/A          26%         2
 Call Imp                 Summ           3%           26%         2
 Slow                     Hex            3%           26%         2
 Mephitic Cloud           Conj/Pois/Air  6%           34%         3
 Conjure Flame            Conj/Fire      3%           45%         3
 Blade Hands              Tmut           9%           54%         5


Dungeon Overview and Level Annotations

Branches:
Dungeon (7/15)
 Temple: D:4-7

Altars:
Kikubaaqudgha
Trog
Uskayaw
Vehumet
Yredelemnul

Portals:
Abyss: D:3

Annotations:
D:3 2 transporters, MyelinatedAxon's ghost, amateur OpFE
D:4 1 runed translucent door, FluorideStare's ghost, amateur MfTm


Innate Abilities, Weirdness & Mutations

You cannot wear most types of armour.
You are very stealthy in the water. (Stealth+)
You are amphibious.
You can wear up to eight rings at the same time.
You can use your tentacles to constrict eight enemies at once.
Your skin changes colour to match your surroundings (Stealth+).
Your rubbery body absorbs attacks. (AC +1, EV +1)


Message History

The vampire bat bites you.
* * * LOW HITPOINT WARNING * * *
The vampire bat draws strength from your injuries!
You see here 19 gold pieces.
The vampire bat misses you. The vampire bat bites you.
* * * LOW HITPOINT WARNING * * *
The vampire bat draws strength from your injuries!
The vampire bat closely misses you. The vampire bat barely misses you.
The vampire bat bites you.
* * * LOW HITPOINT WARNING * * *
The vampire bat draws strength from your injuries!
The vampire bat bites you but does no damage.
The vampire bat closely misses you. The vampire bat barely misses you.
The vampire bat barely misses you. The vampire bat bites you.
* * * LOW HITPOINT WARNING * * *
The vampire bat draws strength from your injuries!
The vampire bat bites you.
You die...

##..(.(.# #.# #.......# #.#
#..####.###### ### ####
#..####......# ######.#.#.
#..#.....###.###...#.⌠.#.⌠.##
#..#.##.##
#.##.#.#.#.#.#.#.## #^......#
#.#.⌠.#.⌠.#.⌠.#...# ##......#
#('..#.#.#.#.#.⌠.⌠# ###.####
#.'@#.⌠.#.⌠.#..._.# #.#
#.b.b#b#.#.#.#.⌠.⌠# #.#
###.⌠.#.⌠.#.⌠.#...# #†#
##.#.#b#.#.#b#.# #.######
##...#.⌠.#?⌠.# #.##...##
######$#.#.##
#.#.....####################
#.......##.........#.......#
##<......'.........+........


You could see 2 vampire bats.

Vanquished Creatures
  Sigmund (D:3)
  An ogre (D:4)
  3 scorpions
  A vampire bat (D:4)
  An orc priest (D:3)
  Ijyb (D:3)
  2 iguanas
  Natasha (D:4)
  An orc wizard (D:4)
  3 worker ants (D:4)
  A worker ant zombie (D:5)
  5 adders
  An ufetubus (D:5)
  4 worms
  A dart slug (D:2)
  3 leopard geckos
  19 orcs
  2 ball pythons
  3 bat skeletons (D:4)
  4 bat zombies (D:4)
  2 giant cockroaches (D:3)
  7 hobgoblins
  10 jackals
  7 kobolds
  7 bats
  7 frilled lizards
  5 goblins
  10 rats
  A spectral orc (D:3)
114 creatures vanquished.

Vanquished Creatures (others)
  5 toadstools (D:1)
5 creatures vanquished.

Grand Total: 119 creatures vanquished

Notes
Turn   | Place    | Note
-------+----------+-------------------------------------------
     0 | D:1      | Zeld the Octopode Transmuter began the quest for the Orb.
     0 | D:1      | Reached XP level 1. HP: 13/13 MP: 3/3
   274 | D:1      | Reached XP level 2. HP: 17/18 MP: 3/5
   277 | D:1      | Learned a level 2 spell: Wereblood
  1149 | D:1      | Reached XP level 3. HP: 16/23 MP: 6/6
  1156 | D:1      | Learned a level 3 spell: Spider Form
  1773 | D:2      | Noticed a moth of wrath
  1794 | D:2      | Found a bloodstained altar of Trog.
  2117 | D:2      | Found a radiant altar of Vehumet.
  2374 | D:3      | Noticed a scorpion
  2382 | D:3      | Killed a scorpion
  2383 | D:3      | Reached skill level 1 in Poison Magic
  2383 | D:3      | Reached XP level 4. HP: 29/29 MP: 4/8
  2794 | D:2      | Reached XP level 5. HP: 11/34 MP: 5/9
  4134 | D:3      | Found a basalt altar of Yredelemnul.
  4434 | D:3      | Learned a level 4 spell: Ice Form
  4441 | D:3      | Found a transporter.
  4447 | D:3      | Found a transporter.
  4459 | D:3      | Noticed a small abomination
  4487 | D:3      | Noticed MyelinatedAxon's ghost (amateur OpFE)
  4488 | D:3      | Noticed a small abomination
  4511 | D:3      | Noticed Ijyb
  4525 | D:3      | Killed Ijyb
  4797 | D:3      | Noticed Sigmund
  4812 | D:3      | Killed Sigmund
  4813 | D:3      | Reached skill level 1 in Ice Magic
  4813 | D:3      | Reached XP level 6. HP: 38/41 MP: 7/11
  5075 | D:3      | Found a one-way gate to the infinite horrors of the Abyss.
  5238 | D:4      | Identified the cursed +1 flail "Eqosiuff" {freeze, Str-2
                  | Dex+4 Stlth+}
  5253 | D:4      | Reached XP level 7. HP: 30/45 MP: 9/12
  5340 | D:4      | Found a hide-covered altar of Uskayaw.
  5528 | D:4      | You fall into a shaft and drop 3 floors!
  5555 | D:5      | Entered Level 5 of the Dungeon
  6641 | D:4      | Found a runed translucent door.
  6642 | D:4      | Noticed FluorideStare's ghost (amateur MfTm)
  6944 | D:4      | Noticed Natasha
  6956 | D:4      | Killed Natasha
  7328 | D:4      | Found an ancient bone altar of Kikubaaqudgha.
  7380 | D:4      | HP: 2/46 [vampire bat (2)]
  7380 | D:4      | Slain by a vampire bat

Illustrated notes

Levels and vault maps discovered:
D:1:      ldierk_walled_garden, layout_basic
D:2:      layout_basic, general_overflow_altar, tgw_trog
D:3:      layout_loops_ring, yredelemnul_forgotten_temple_becter,
          gammafunk_ghost_abyssal_escape, uniq_ijyb, uniq_sigmund
D:4:      layout_loops_corners, eat_drink_and_be_merry_uskayaw,
          kennysheep_vampire_church, ebering_ghost_reflecting_pool, uniq_natasha
D:5:      layout_cave_pools, kennysheep_little_box, minmay_misc_feat_five
D:6:      layout_cave_pools, serial_glass, glass_columns_a, glass_columns_b,
          serial_shops, nicolae_shop_trees
D:7:      layout_basic, minmay_temple_entry_butterflies

Skill      XL: |  1  2  3  4  5  6  7 |
---------------+----------------------+-----
Spellcasting   | 3 4 |  4.5
Transmutations | 3 4 |  4.8
Poison Magic   | 1 2 3 |  3.0
Fighting       | 2 3 |  3.2
Dodging        | 3 |  3.7
Ice Magic      | 1 |  1.9
Unarmed Combat | |  3.0

Action                   |  1- 3 |  4- 6 |  7- 9 || total
-------------------------+-------+-------+-------++-------
Melee: Unarmed           |    90 |   114 |   106 ||   310
       Constrict         |    33 |    23 |    19 ||    75
       Kick              |    16 |    18 |    14 ||    48
       Tentacles         |    11 |    17 |    13 ||    41
 Cast: Beastly Appendage |    33 |    23 |    19 ||    75
       Spider Form       |     1 |     4 |    11 ||    16
       Wereblood         |       |     3 |       ||     3
       Ice Form          |       |       |     1 ||     1
 Stab: Sleeping          |     3 |       |       ||     3
Armor: Skin              |     9 |     5 |    22 ||    36
Dodge: Dodged            |    80 |    75 |   172 ||   327
